 Dungeon Crawl Stone Soup version 0.31-a0-271-gb88eb75e06 (webtiles) character file.

Game seed: 7304106943465525735

1622 Newt the Trooper (level 8, -4/64 HPs)
             Began as a Demonspawn Gladiator on July 14, 2023.
             Was a Believer of Makhleb.
             Killed from afar by Dowan (7 damage)
             ... with a puff of flame
             ... on level 7 of the Dungeon.
             The game lasted 00:07:43 (6095 turns).

Newt the Trooper (Demonspawn Gladiator)             Turns: 6095, Time: 00:07:44

Health: -4/64      AC:  9    Str: 17    XL:     8   Next: 65%
Magic:  8/8        EV: 13    Int:  9    God:    Makhleb [**....]
Gold:   271        SH:  0    Dex: 21    Spells: 7/7 levels left

rFire   . . .        b - +2 war axe (elec)
rCold   . . .        (no shield)
rNeg    . . .        r - +0 leather armour
rPois   .            c - +0 helmet
rElec   .            (no cloak)
rCorr   .            (no gloves)
SInv    .            j - +0 pair of boots
Will    .....        y - amulet of faith
Stlth   +            n - +6 ring of dexterity
HPRegen 0.30/turn    t - +4 ring of protection
MPRegen 0.11/turn

%: faith
@: lit by a corona, hasted, glowing, very quick
A: claws 2, foul stench 1, icemail 1, condensation shield
a: Renounce Religion, Minor Destruction


You were on level 7 of the Dungeon.
You worshipped Makhleb.
Makhleb was pleased with you.
You visited 1 branch of the dungeon, and saw 7 of its levels.

You collected 323 gold pieces.
You spent 52 gold pieces at shops.

Inventory:

Hand Weapons
 a - a +2 sling of freezing
 b - a +2 war axe of electrocution (weapon)
 v - a +0 rapier
 w - a +3 spectral hand axe
Missiles
 d - 3 throwing nets (quivered)
 e - a javelin
 h - 75 stones
 p - 11 poisoned darts
Armour
 c - a +0 helmet (worn)
 j - a +0 pair of boots (worn)
 r - a +0 leather armour (worn)
Jewellery
 n - a +6 ring of dexterity (left claw)
 t - a +4 ring of protection (right claw)
 y - an amulet of faith (around neck)
Wands
 o - a wand of mindburst (19)
 E - a wand of charming (10)
Scrolls
 x - 2 scrolls of amnesia
 z - 2 scrolls of teleportation
 C - a scroll of summoning
 D - a scroll of poison {unknown}
Potions
 g - 2 potions of curing
 i - a potion of magic
 k - a potion of invisibility
 l - 2 potions of resistance
 m - 2 potions of might
 q - a potion of mutation
 s - a potion of degeneration
 u - a potion of brilliance
 A - a potion of cancellation {unknown}


   Skills:
 - Level 6.0 Fighting
 - Level 2.6 Short Blades
 - Level 6.0 Axes
 - Level 4.0 Ranged Weapons
 - Level 1.7 Throwing
 + Level 3.4 Armour
 - Level 2.6 Dodging
 - Level 2.0 Stealth


You had 7 spell levels left.
You didn't know any spells.
Your spell library contained the following spells:

 Spells                   Type           Power      Damage    Failure   Level
 Frozen Ramparts          Ice            0%         1d1       82%         3
 Ozocubu's Armour         Ice            0%         N/A       82%         3
 Vhi's Electric Charge    Tloc/Air       0%         N/A       82%         3
 Petrify                  Tmut/Erth      0%         N/A       99%         4
 Summon Ice Beast         Ice/Summ       0%         N/A       99%         4
 Arcjolt                  Conj/Air       0%         1d10      100%        5
 Metabolic Englaciation   Hex/Ice        0%         N/A       100%        5
 Summon Mana Viper        Hex/Summ       0%         N/A       100%        5
 Simulacrum               Ice/Necr       0%         N/A       100%        6
 Monstrous Menagerie      Summ           0%         N/A       100%        7
 Maxwell's Capacitive Co  Air            0%         ∞         100%        8


Dungeon Overview and Level Annotations

Branches:
Dungeon (7/15)             Temple (0/1) D:4

Altars:
Fedhas
Makhleb
Okawaru
Trog
Yredelemnul

Shops:
D:3 ?

Annotations:
D:7 Dowan, Duvessa


Innate Abilities, Weirdness & Mutations

You have very sharp fingernails.
You may rarely emit foul miasma when damaged in melee.
A meltable icy envelope protects you from harm. (AC +0)
A meltable shield of frost defends you. (SH +0)


Message History

Things that are here:
a +0 club; a kobold corpse Unknown command.
You closely miss the kobold brigand. You miss the kobold.
The ogre shouts!
You slash Duvessa!
You feel sick. Duvessa hits you with a +0 short sword!
The kobold brigand barely misses you. The kobold closely misses you.
Dowan points at you and mumbles some strange words.
The puff of flame hits you.
Unknown command.
You hit the kobold brigand but do no damage.
You hit the kobold.
You kill the kobold!
Makhleb accepts your kill.
You feel better.
You hit Duvessa but do no damage.
You feel sick. The kobold brigand misses you.
Duvessa gestures with her weapon.
Duvessa closely misses you.
You slash the kobold brigand!
The kobold brigand is heavily wounded.
You slash Duvessa!
You feel sick.
The kobold brigand hits you but does no damage.
Duvessa hits you but does no damage.
Dowan smirks and points a slender finger.
Dowan points at Duvessa and mumbles some strange words.
Duvessa seems to speed up.
Unknown command.
You feel yourself speed up.
You feel sick.
You are no longer poisoned.
Duvessa hits you with a +0 short sword. The kobold brigand barely misses you.
The ogre hits you with a +0 giant club!!
* * * LOW HITPOINT WARNING * * *
Duvessa hits you with a +0 short sword.
* * * LOW HITPOINT WARNING * * *
Okay, then.
Blink to where?
Press: ? - help, Dir - move target
As you read the scroll of blinking, it crumbles to dust.
Dowan zaps a wand.
The puff of flame hits you!
You die...

....#................##
....###...............###
..#.###.................#
..#..##..#..............#
........# #...........##
......#.####...#.....###
......####....##....##
......#.....#####...#
...#.........# #@####
..##..#.......##.###
#.##..#.......#....#####
......#.......##....#..##
...####..............)..##
... .............e§K...#
.. .#.............Oe.....#
.# ..........#..>.......
###..........#..##


You could see Duvessa (fast), an ogre and Dowan.

Vanquished Creatures
  Sigmund (D:4)
  Edmund (D:4)
  An ice beast (D:6)
  An ogre (D:6)
  A phantom (D:3)
  A bullfrog (D:6)
  2 gnoll sergeants
  A scorpion (D:6)
  A howler monkey (D:4)
  2 hounds (D:6)
  2 orc priests
  3 jellies
  A gnoll bouda (D:5)
  5 iguanas
  2 orc wizards
  13 gnolls
  7 adders
  A shadow imp (D:6)
  A white imp (D:6)
  An ufetubus (D:6)
  14 dart slugs
  24 orcs
  3 endoplasms
  3 giant cockroaches
  10 goblins
  14 hobgoblins
  9 jackals
  2 quokkas (D:1)
  6 ball pythons
  8 bats
  A frilled lizard (D:1)
  14 kobolds
  7 rats
163 creatures vanquished.

Vanquished Creatures (collateral kills)
  A gnoll (D:3)
1 creature vanquished.

Grand Total: 164 creatures vanquished

Notes
Turn   | Place    | Note
-------+----------+-------------------------------------------
     0 | D:1      | Newt the Demonspawn Gladiator began the quest for the Orb.
     0 | D:1      | Reached XP level 1. HP: 16/16 MP: 1/1
    88 | D:1      | Found a faded altar of an unknown god.
   121 | D:1      | Discovered your monstrous ancestry.
   121 | D:1      | Gained mutation: You have sharp fingernails. [demonic
                  | ancestry]
   121 | D:1      | Reached XP level 2. HP: 23/23 MP: 2/2
   700 | D:1      | Gained mutation: You have very sharp fingernails. [demonic
                  | ancestry]
   700 | D:1      | Reached XP level 3. HP: 29/29 MP: 3/3
   943 | D:2      | You fall into a shaft and drop 1 floor!
   960 | D:3      | Found Vixzu's Magic Scroll Emporium.
  1670 | D:3      | Reached skill level 1 in Stealth
  1671 | D:3      | Gained mutation: A meltable shield of frost defends you.
                  | (SH +0) [demonic ancestry]
  1671 | D:3      | Reached XP level 4. HP: 37/37 MP: 4/4
  1844 | D:3      | Reached skill level 1 in Ranged Weapons
  2126 | D:3      | Bought a scroll of identify for 26 gold pieces
  2126 | D:3      | Bought a scroll of identify for 26 gold pieces
  2152 | D:4      | Noticed a phantom
  2180 | D:3      | Killed a phantom
  2181 | D:3      | Reached XP level 5. HP: 18/42 MP: 5/5
  2637 | D:4      | Noticed Sigmund
  2822 | D:4      | Reached XP level 6. HP: 48/48 MP: 6/6
  2845 | D:4      | Killed Sigmund
  2846 | D:4      | Reached skill level 5 in Fighting
  3173 | D:4      | Gained mutation: You may rarely emit foul miasma when
                  | damaged in melee. [demonic ancestry]
  3173 | D:4      | Reached XP level 7. HP: 56/56 MP: 7/7
  3179 | D:4      | Found a staircase to the Ecumenical Temple.
  3307 | D:4      | Noticed Edmund
  3347 | D:4      | Killed Edmund
  3348 | D:4      | Reached skill level 1 in Armour
  3838 | D:5      | Entered Level 5 of the Dungeon
  3878 | D:5      | Found a burning altar of Makhleb.
  3912 | D:5      | Became a worshipper of Makhleb the Destroyer
  3939 | D:5      | Reached skill level 1 in Axes
  3971 | D:5      | Found a basalt altar of Yredelemnul.
  4249 | D:5      | Reached * piety under Makhleb
  4366 | D:5      | Found an iron altar of Okawaru.
  4869 | D:6      | Gained mutation: A meltable icy envelope protects you from
                  | harm. (AC +0) [demonic ancestry]
  4869 | D:6      | Reached XP level 8. HP: 64/64 MP: 8/8
  4986 | D:6      | Reached skill level 5 in Axes
  5234 | D:6      | Found a blossoming altar of Fedhas.
  5705 | D:6      | Found a bloodstained altar of Trog.
  6083 | D:7      | Noticed Duvessa
  6084 | D:7      | Noticed Dowan
  6087 | D:7      | Reached ** piety under Makhleb
  6094 | D:7      | HP: 3/64 [Duvessa/+0 short sword (1)]
  6095 | D:7      | Killed from afar by Dowan

Illustrated notes

Levels and vault maps discovered:
D:1:      minmay_arrival_stone_box, layout_basic, basic_ecumenical_altar,
          minmay_misc_feat_iff
D:2:      layout_rooms
D:3:      layout_basic, serial_shops, nicolae_shop_pleasant_corner_grove,
          dk_noncrumbling_3
D:4:      cheibrodos_greedy_goblins, layout_cave_pools,
          minmay_temple_entry_crystal_x, minmay_distorted, uniq_sigmund,
          uniq_edmund
D:5:      kennysheep_slugbush, layout_basic, old_standard_altar,
          mainiacjoe_overflow_catch_the_wave, minivault_14
D:6:      layout_gridville, trog_hazing_becter, mainiacjoe_overflow_alcove_1,
          minmay_door_square, minivault_19
D:7:      layout_cave_pools, lemuel_round_altar, kennysheep_generic_room_6,
          uniq_maggie, uniq_duvessa

Skill      XL: |  1  2  3  4  5  6  7  8 |
---------------+-------------------------+-----
Fighting       | 3 4 5 6 |  6.0
Stealth        | 1 2 |  2.0
Ranged Weapons | 2 3 4 |  4.0
Armour         | 1 3 |  3.4
Axes           | 4 6 |  6.0
Short Blades   | |  2.6
Throwing       | |  1.7
Dodging        | |  2.6

Action                     |  1- 3 |  4- 6 |  7- 9 || total
---------------------------+-------+-------+-------++-------
  Melee: Rapier            |   151 |       |       ||   151
         Hand axe          |       |       |    53 ||    53
         War axe           |       |       |    95 ||    95
         Punch             |       |       |     1 ||     1
   Fire: Sling             |     8 |   148 |    61 ||   217
  Throw: Throwing net      |       |       |     4 ||     4
         Dart              |       |       |     1 ||     1
         Javelin           |       |       |     1 ||     1
    Use: Scroll            |     4 |     4 |     9 ||    17
         Potion            |       |       |     3 ||     3
   Stab: Sleeping          |     1 |       |     4 ||     5
         Held in net/web   |       |       |     3 ||     3
 Armour: Leather armour    |    59 |    39 |    59 ||   157
  Dodge: Dodged            |   116 |    75 |   102 ||   293
  Block: Other             |       |    20 |    19 ||    39

Table legend: (Time is in decaauts)
 A = Elapsed time spent in this place.
 B = Non-inter-level travel time spent in this place.
 C = Inter-level travel time spent in this place.
 D = Time resting spent in this place.
 E = Time spent auto-exploring this place.
 F = Levels seen in this place.
 G = Mean time per level.
                   A        B        C        D        E       F      G
               +--------+--------+--------+--------+--------+-----+--------+
         Total |   6205 |   5919 |    286 |   1270 |   3553 |   7 |  886.4 |
       Dungeon |   6205 |   5919 |    286 |   1270 |   3553 |   7 |  886.4 |
               +--------+--------+--------+--------+--------+-----+--------+

Top non-repeatable levels by time:
     D:3: 1381 daAuts
     D:6: 1097 daAuts
     D:4: 1072 daAuts
     D:1: 925 daAuts
     D:5: 892 daAuts
     D:2: 527 daAuts
     D:7: 308 daAuts
